 Dungeon Crawl Stone Soup version 0.31-a0-1074-g0b22e4e0f1 (webtiles) character file.

Game seed: 13148922293550075998

165 Curundu the Chopper (level 5, -8/46 HPs)
             Began as a Draconian Berserker on Dec 1, 2023.
             Was a Believer of Trog.
             Mangled by olddryhag's ghost (10 damage)
             ... on level 3 of the Dungeon.
             The game lasted 00:16:53 (3287 turns).

Curundu the Chopper (Draconian Berserker)           Turns: 3287, Time: 00:16:53

Health: -8/46      AC:  8    Str: 19    XL:     5   Next: 21%
Magic:  5/5        EV: 14    Int:  7    God:    Trog [**....]
Gold:   109        SH:  0    Dex: 19    Spells: 4/4 levels left

rFire   . . .        p - +4 dagger
rCold   . . .        (no shield)
rNeg    . . .        (body armour unavailable)
rPois   .            (helmet restricted)
rElec   .            f - +2 cloak
rCorr   .            (no gloves)
SInv    .            (no boots)
Will    .....        (no amulet)
Stlth   ++           k - +6 ring of dexterity
HPRegen 0.27/turn    (no ring)
MPRegen 0.09/turn

%: no passive effects
@: no status effects
A: AC +5, unfitting armour, cold-blooded
a: Renounce Religion, Berserk, Trog's Hand


You were on level 3 of the Dungeon.
You worshipped Trog.
Trog was pleased with you.
You visited 1 branch of the dungeon, and saw 3 of its levels.

You collected 187 gold pieces.
You spent 78 gold pieces at shops.

Inventory:

Hand Weapons
 a - a +0 hand axe
 p - a +4 dagger (weapon)
Missiles
 e - 19 stones
 g - 13 poisoned darts
 t - a boomerang
Armour
 f - a +2 cloak (worn)
 j - a scarf of harm
Magical Staves
 n - a staff of conjuration
Jewellery
 k - a +6 ring of dexterity (left hand)
 r - a ring of wizardry
Wands
 u - a wand of paralysis (6)
Scrolls
 c - 4 scrolls of identify
 d - a scroll of teleportation
 h - a scroll of fear {unknown}
 l - a scroll of blinking {unknown}
 m - a scroll of torment {unknown}
 o - a scroll of enchant armour {unknown}
 s - a scroll of poison {unknown}
 v - a scroll of fog {unknown}
Potions
 b - 2 potions of haste {unknown}
 i - 2 potions of degeneration {unknown}
 q - a potion of invisibility {unknown}


   Skills:
 + Level 4.1 Fighting
 + Level 1.3 Short Blades
 + Level 4.1 Axes
 + Level 3.8 Dodging
 + Level 0.5 Stealth


You had 4 spell levels left.
You didn't know any spells.
Your spell library contained the following spells:

 Spells                   Type           Power      Damage    Failure   Level
 Tukima's Dance           Hex            0%         N/A       80%         3
 Dimensional Bullseye     Hex/Tloc       0%         N/A       99%         4
 Iskenderun's Mystic Bla  Conj/Tloc      0%         2d3       99%         4


Dungeon Overview and Level Annotations

Branches:
Dungeon (3/15)

Altars:

Shops:
D:1 ?   D:3 :

Annotations:
D:3 1 transporter, olddryhag's ghost, amateur GnWn


Innate Abilities, Weirdness & Mutations

Your plain brown scales are hard. (AC +5)
You cannot fit into any form of body armour.
You are cold-blooded and may be slowed by cold attacks.


Message History

You hit olddryhag's ghost but do no damage.
Olddryhag's ghost is heavily damaged.
The frilled lizard misses you. Olddryhag's ghost hits you!
You hit olddryhag's ghost but do no damage.
Olddryhag's ghost is heavily damaged.
The frilled lizard barely misses you.
Olddryhag's ghost hits you but does no damage.
You hit olddryhag's ghost but do no damage.
Olddryhag's ghost is heavily damaged.
The frilled lizard misses you. Olddryhag's ghost misses you.
You hit olddryhag's ghost but do no damage.
Your tail-slap misses olddryhag's ghost.
Olddryhag's ghost is heavily damaged.
The frilled lizard bites you but does no damage.
Olddryhag's ghost hits you but does no damage.
You hit olddryhag's ghost but do no damage.
Your tail-slap misses olddryhag's ghost.
Olddryhag's ghost is heavily damaged.
The frilled lizard unfolds its giant frill.
The frilled lizard barely misses you. Olddryhag's ghost hits you!
* * * LOW HITPOINT WARNING * * *
You hit olddryhag's ghost but do no damage.
Olddryhag's ghost is heavily damaged.
The frilled lizard barely misses you. Olddryhag's ghost hits you.
* * * LOW HITPOINT WARNING * * *
You hit olddryhag's ghost.
You tail-slap olddryhag's ghost, but do no damage.
Olddryhag's ghost is heavily damaged.
The frilled lizard bites you but does no damage.
You hit olddryhag's ghost but do no damage.
You tail-slap olddryhag's ghost, but do no damage.
Olddryhag's ghost is heavily damaged.
Olddryhag's ghost hits you!
* * * LOW HITPOINT WARNING * * *
The frilled lizard closely misses you.
You closely miss olddryhag's ghost.
Your tail-slap misses olddryhag's ghost.
Olddryhag's ghost is heavily damaged.
Olddryhag's ghost hits you!
You die...

....^#.#.....##.#...#####.# #.#.#
.....#....................###.#.#
.....# #...........©.......##....
.....# #.......#########...####.#
.....# #####..##8.$[).8##........
####.#######..#.........#..####.#
#..........#..#...#..#..####.#
#########..#.#W....#.#.... ...
#######.....#.@)$©....#...###..
#...........#.#l....#.#...# #.#
#...........#..#...#..#...###.#
#...........#©........#..>....#
#...........##8.....8##...###.#
#............#########....# #.#
#................©........# #.#
######..................#.# #..
##########.#.#######.# ###


You could see olddryhag's ghost and a frilled lizard.

Vanquished Creatures
  An orc priest (D:3)
  A sleepcap (D:3)
  An orc wizard (D:3)
  3 gnolls (D:3)
  An adder (D:3)
  A worm (D:2)
  2 orcs (D:3)
  8 endoplasms
  4 goblins
  2 hobgoblins
  4 quokkas
  5 ball pythons
  6 bats
  3 kobolds
  4 rats
46 creatures vanquished.

Notes
Turn   | Place    | Note
-------+----------+-------------------------------------------
     0 | D:1      | Curundu the Draconian Berserker began the quest for the
                  | Orb.
     0 | D:1      | Reached XP level 1. HP: 19/19 MP: 1/1
   293 | D:1      | Reached XP level 2. HP: 23/26 MP: 2/2
   900 | D:1      | Found Ojohoiw's Magic Scroll Shop.
   943 | D:1      | Bought a scroll of identify for 26 gold pieces
   943 | D:1      | Bought a scroll of identify for 26 gold pieces
   943 | D:1      | Bought a scroll of identify for 26 gold pieces
  1975 | D:3      | Reached XP level 3. HP: 31/31 MP: 3/3
  2093 | D:3      | Found Falidd's Book Boutique.
  2256 | D:3      | Found a transporter.
  2256 | D:3      | Noticed olddryhag's ghost (amateur GnWn)
  2264 | D:3      | Found a transporter.
  2444 | D:3      | HP: 1/33 [orc wizard/magic dart (4)]
  2446 | D:3      | Reached XP level 4. HP: 2/40 MP: 4/4
  2714 | D:3      | Reached skill level 1 in Short Blades
  2837 | D:3      | Reached ** piety under Trog
  3248 | D:3      | Reached XP level 5. HP: 46/46 MP: 5/5
  3286 | D:3      | HP: 2/46 [olddryhag's ghost (8)]
  3287 | D:3      | Mangled by olddryhag's ghost

Illustrated notes

Levels and vault maps discovered:
D:1:      minmay_arrival_glassed_features, layout_basic, serial_shops,
          nicolae_shop_peninsula, minmay_pentomino_w4
D:2:      layout_loops_ring, serial_glass, glass_columns_a, glass_columns_a,
          lightli_corner_chamber
D:3:      layout_basic, gammafunk_ghost_arena, serial_shops, shop_fountains,
          kennysheep_generic_room_15

Skill      XL: |  1  2  3  4 |
---------------+-------------+-----
Dodging        | 3 |  3.8
Axes           | 4 |  4.1
Fighting       | 4 |  4.1
Short Blades   | 1 |  1.3
Stealth        | |  0.5

Action                     |  1- 3 |  4- 6 || total
---------------------------+-------+-------++-------
  Melee: Hand axe          |    54 |       ||    54
         Tailslap          |     8 |    11 ||    19
         Dagger            |    25 |    80 ||   105
         Punch             |       |     2 ||     2
    Use: Scroll            |     1 |       ||     1
   Stab: Sleeping          |       |     2 ||     2
 Armour: Skin              |    39 |    63 ||   102
  Dodge: Dodged            |    60 |    77 ||   137

Table legend: (Time is in decaauts)
 A = Elapsed time spent in this place.
 B = Non-inter-level travel time spent in this place.
 C = Inter-level travel time spent in this place.
 D = Time resting spent in this place.
 E = Time spent auto-exploring this place.
 F = Levels seen in this place.
 G = Mean time per level.
                   A        B        C        D        E       F      G
               +--------+--------+--------+--------+--------+-----+--------+
         Total |   3291 |   3291 |      0 |    251 |      0 |   3 | 1097.0 |
       Dungeon |   3291 |   3291 |      0 |    251 |      0 |   3 | 1097.0 |
               +--------+--------+--------+--------+--------+-----+--------+

Top non-repeatable levels by time:
     D:3: 1336 daAuts
     D:1: 1057 daAuts
     D:2: 896 daAuts
